 Dungeon Crawl Stone Soup version 0.30-a0-782-ge64f9170bb (webtiles) character file.

Game seed: 9948240970189539630

86 kae the Firebug (level 4, -2/24 HPs)
             Began as a Tengu Fire Elementalist on Mar 5, 2023.
             Killed from afar by an orc wizard (5 damage)
             ... with a magic dart
             ... on level 2 of the Dungeon.
             The game lasted 00:02:00 (2312 turns).

kae the Firebug (Tengu Fire Elementalist)           Turns: 2312, Time: 00:02:01

Health: -2/24      AC:  2    Str:  8    XL:     4   Next: 50%
Magic:  9/9        EV: 17    Int: 18    God:
Gold:   127        SH:  0    Dex: 14    Spells: 2/8 levels left

rFire   . . .      SeeInvis .    q - +0 hand axe (freeze)
rCold   . . .      Faith    .    (no shield)
rNeg    . . .      Spirit   .    a - +0 robe
rPois   .          Reflect  .    (helmet restricted)
rElec   .          Harm     .    (no cloak)
rCorr   .          Rampage  .    (no gloves)
Will    .....                    (boots unavailable)
Stlth   ++                       (no amulet)
HPRegen 0.24/turn                E - +5 ring of evasion
MPRegen 0.11/turn                (no ring)

@: no status effects
A: beak, talons 3
a: no special abilities


You were on level 2 of the Dungeon.
You visited 1 branch of the dungeon, and saw 3 of its levels.

You collected 127 gold pieces.


Innate Abilities, Weirdness & Mutations

You have a beak for a mouth.
You have claws for feet.


   Skills:
 - Level 2.1 Dodging
 - Level 2.0 Stealth
 + Level 2.9 Spellcasting
 + Level 3.3 Conjurations
 + Level 4.2 Fire Magic


You had 2 spell levels left.
You knew the following spells:

 Your Spells              Type           Power      Damage    Failure   Level
a - Foxfire               Conj/Fire      64%        2x1d7     3%          1
b - Scorch                Fire           34%        2d7       4%          2
c - Inner Flame           Hex/Fire       10%        N/A       21%         3

Your spell library contained the following spells:

 Spells                   Type           Power      Damage    Failure   Level
 Kindle Blastsparks       Fire/Tloc/Air  14%        2d11      28%         3
 Flame Wave               Conj/Fire      16%        2d7       34%         4

Inventory:

Hand Weapons
 g - a +0 whip
   (You took it off a kobold on level 1 of the Dungeon)
 q - a +0 hand axe of freezing (weapon)
   (You took it off an orc priest on level 2 of the Dungeon)
Missiles
 e - 39 stones
 l - 11 poisoned darts
Armour
 a - a +0 robe (worn)
Jewellery
 E - a +5 ring of evasion (left hand)
   (You found it on level 2 of the Dungeon)
Scrolls
 c - 2 scrolls of enchant armour {unknown}
 d - a scroll of teleportation {unknown}
 f - 6 scrolls of identify {unknown}
 k - a scroll of magic mapping {unknown}
 n - a scroll of noise {unknown}
 o - a scroll of fog {unknown}
 p - a scroll of fear {unknown}
Potions
 b - 3 potions of magic
 h - a potion of curing {unknown}
 i - a potion of attraction {unknown}
 j - 2 potions of lignification {unknown}
 m - a potion of brilliance {unknown}

Dungeon Overview and Level Annotations

Branches:
Dungeon (3/15) Zot: 15684

Altars:

#.....##...##.#...##.# #.....#
#.....#######........# ###.###
###.### ###...#### #.## #.#
##.## #..## #.# #.# ##.#.##
###.#### #.# ##.###.## .......#
##'## ##.## ##.# ###.##.#
##o)o## #.## ##. # #.##.#
##.)@..## ##.## ##.# # #.##.##
##...go..## ##.###.## #
#.....####.........####...#.###
#
##.......'.........'...........
#
#.....####.........####......##
###.##.## ##.......## ##....##
.......# ##.....## ##..##
###.#### ##...## #.## #.#
##+##### #.#


You could see an orc wizard, 2 orcs and a hobgoblin.


Message History

Casting: Scorch (safe; 5% risk of failure)
Confirm with . or Enter, or press ? or * to list all spells.
Flames lash the hobgoblin.
You kill the hobgoblin!
The orc priest hits you but does no damage.
The orc priest looks satisfied for a moment. 😨 HP[+1] MP[-1]
You lost 1 mp, and now have 2/8 mp.
Unknown command.
Casting: Scorch (safe; 5% risk of failure)
Confirm with . or Enter, or press ? or * to list all spells.
Flames lash the orc priest.
The orc priest's fire resistance burns away.
The orc priest closely misses you. The orc priest completely misses you.
Your magical contamination has completely faded away. 😨 MP[-2]
You lost 2 mp, and now have 0/8 mp.
Unknown command.
Casting: Scorch (safe; 5% risk of failure)
Confirm with . or Enter, or press ? or * to list all spells.
You don't have enough magic to cast this spell.
You hit the orc priest. Your peck misses the orc priest.
The orc priest hits you with a +0 hand axe of freezing.
* * * LOW HITPOINT WARNING * * *
The orc priest freezes you.
* * * LOW HITPOINT WARNING * * *
😱 HP[-4]
You take 4 damage, and now have 4/19 hp.
MASSIVE DAMAGE!! (PAUSE)
You closely miss the orc priest. You claw the orc priest.
You kill the orc priest!
You have reached level 4!
You feel clever. 😱 HP[+2]
You now have 24 max hp (+5).
You regained 2 hp, and now have 6/24 hp.
You start resting. 😕 HP[+14] MP[+6]
You regained 14 hp, and now have 20/24 hp.
You regained 6 mp, and now have 6/9 mp.
You see here a +0 hand axe of freezing.
q - a +0 hand axe of freezing
There is a stone staircase leading down here. 😕 MP[+1]
Your +0 hand axe of freezing glows with a cold blue light!
q - a +0 hand axe of freezing (weapon)
😕 HP[+1]
You start resting. 😎 HP[+3] MP[+1]
Your hp is fully restored (24).
You start resting. 😎 MP[+1]
Your mp is fully restored (9).
You climb downwards.
An adder comes into view.
The hobgoblin barely misses you. The orc hits you but does no damage.
The orc hits you with a +0 falchion. The orc closely misses you.
There is a stone staircase leading up, spattered with blood here. 😕 HP[-2]
You take 2 damage, and now have 22/24 hp.
The hobgoblin hits you.
The orc wizard hits you with a +0 dagger.
The orc hits you with a +0 hand axe. The orc barely misses you.
The orc closely misses you.
You climb upwards.
There is a stone staircase leading down here. 😮 HP[-7]
You take 7 damage, and now have 15/24 hp.
MASSIVE DAMAGE!! (PAUSE)
You hit the orc but do no damage. You claw the orc!
You hit the orc wizard but do no damage.
You hit the orc. You freeze the orc. You closely miss the hobgoblin.
You hit the orc but do no damage.
The orc wizard hits you with a +0 dagger.
The orc hits you with a +0 dagger.
* * * LOW HITPOINT WARNING * * *
The orc closely misses you. The hobgoblin closely misses you.
The orc closely misses you. 😨 HP[-4]
You take 4 damage, and now have 11/24 hp.
You hit the orc but do no damage. You peck the orc.
You kill the orc!
You hit the hobgoblin. You freeze the hobgoblin.
You hit the orc but do no damage. You barely miss the orc wizard.
You hit the orc. You freeze the orc. The orc wizard casts a spell at you.
The magic dart hits you!
* * * LOW HITPOINT WARNING * * *
The orc barely misses you. x2; The hobgoblin barely misses you.
The orc wizard misses you. The orc barely misses you.
The orc hits you but does no damage. The hobgoblin misses you. 😱 HP[-9]
You take 9 damage, and now have 2/24 hp.
MASSIVE DAMAGE!! (PAUSE)
You hit the orc but do no damage. You closely miss the hobgoblin.
You hit the orc but do no damage. You barely miss the orc wizard.
The orc wizard casts a spell at you. The magic dart hits you.
You die...

Skill      XL: |  1  2  3 |
---------------+----------+-----
Conjurations   | 2 3 |  3.3
Fire Magic     | 4 |  4.2
Dodging        | |  2.1
Stealth        | |  2.0
Spellcasting   | |  2.9

Action                     |  1- 3 |  4- 6 || total
---------------------------+-------+-------++-------
  Melee: Whip              |     6 |       ||     6
         Kick              |     3 |     1 ||     4
         Hand axe          |       |     3 ||     3
         Peck              |       |     1 ||     1
   Cast: Foxfire           |    64 |       ||    64
         Scorch            |    13 |       ||    13
   Stab: Sleeping          |     1 |       ||     1
 Armour: Robe              |    15 |     2 ||    17
  Dodge: Dodged            |    32 |    13 ||    45

Levels and vault maps discovered:
D:1:      lightli_arrival_windingriver, layout_loops_ring,
          basic_ecumenical_altar, amcnicky_mini_corridor_feature, minmay_vboxes
D:2:      layout_loops_corners, kennysheep_generic_room_9
D:3:      layout_rooms, mainiacjoe_overflow_alcove_2, nicolae_goblin_pals

Notes
Turn   | Place    | Note
-------+----------+-------------------------------------------
     0 | D:1      | kae the Tengu Fire Elementalist began the quest for the
                  | Orb.
     0 | D:1      | Reached XP level 1. HP: 10/10 MP: 4/4
     0 | D:1      | magus.rc [v1.11.3]
   364 | D:1      | Reached skill level 2 in Conjurations
   364 | D:1      | Reached XP level 2. HP: 15/15 MP: 6/6
   702 | D:1      | Found a faded altar of an unknown god.
   766 | D:1      | Reached XP level 3. HP: 15/19 MP: 2/7
  1118 | D:1      | Learned a level 2 spell: Scorch
  1122 | D:1      | Learned a level 3 spell: Inner Flame
  2126 | D:2      | Reached skill level 4 in Fire Magic
  2221 | D:2      | Reached skill level 3 in Conjurations
  2226 | D:2      | HP: 4/19 [orc priest/+0 hand axe of freezing (1)]
  2228 | D:2      | Reached XP level 4. HP: 6/24 MP: 0/9
  2311 | D:2      | HP: 2/24 [orc wizard/magic dart (9)]
  2312 | D:2      | Killed from afar by an orc wizard

Vanquished Creatures
  An orc priest (D:2)
  An adder (D:2)
  2 worms (D:2)
  3 orcs
  3 endoplasms
  2 giant cockroaches (D:1)
  2 goblins
  5 hobgoblins
  A jackal (D:1)
  2 quokkas (D:1)
  3 ball pythons
  4 bats (D:1)
  3 frilled lizards
  4 kobolds
  3 rats
39 creatures vanquished.

Vanquished Creatures (others)
  99 foxfires
99 creatures vanquished.

Grand Total: 138 creatures vanquished

Table legend:
 A = Non-vault XP
 B = Vault XP
 C = Vault XP percentage of total XP
 D = Non-vault monster count
 E = Vault monster count
 F = Vault count percentage of total count
                 A         B        C        D         E       F
            +---------+---------+-------+---------+---------+-------
      Total |     112 |      12 |   9.7 |      32 |       7 |  17.9
            +---------+---------+-------+---------+---------+-------
        D:1 |      25 |      10 |  28.6 |      17 |       6 |  26.1
        D:2 |      84 |       2 |   2.3 |      14 |       1 |   6.7
        D:3 |       3 |       0 |   0.0 |       1 |       0 |   0.0
            +---------+---------+-------+---------+---------+-------

Illustrated notes

Table legend:
 A = Kills in this place as a percentage of kills in entire the game.
 B = Kills by you in this place as a percentage of kills by you in the entire game.
 C = Kills by friends in this place as a percentage of kills by friends in the entire game.
 D = Other kills in this place as a percentage of other kills in the entire game.
 E = Experience gained in this place as a percentage of experience gained in the entire game.
 F = Experience gained in this place divided by the number of levels of this place that you have seen.
                   A       B       C       D       E      F
               +-------+-------+-------+-------+-------+----------------------
         Total | 100.0 | 100.0 |   N/A |   N/A | 100.0 |  41.3
       Dungeon | 100.0 | 100.0 |   N/A |   N/A | 100.0 |  41.3
               +-------+-------+-------+-------+-------+----------------------

Table legend: (Time is in decaauts)
 A = Elapsed time spent in this place.
 B = Non-inter-level travel time spent in this place.
 C = Inter-level travel time spent in this place.
 D = Time resting spent in this place.
 E = Time spent auto-exploring this place.
 F = Levels seen in this place.
 G = Mean time per level.
                   A        B        C        D        E       F      G
               +--------+--------+--------+--------+--------+-----+--------+
         Total |   2314 |   2287 |     27 |    137 |   1883 |   3 |  771.3 |
       Dungeon |   2314 |   2287 |     27 |    137 |   1883 |   3 |  771.3 |
               +--------+--------+--------+--------+--------+-----+--------+

Top non-repeatable levels by time:
     D:2: 1181 daAuts
     D:1: 1126 daAuts
     D:3: 6 daAuts
